 Dungeon Crawl Stone Soup version 0.16.2-12-gd0ad4c3 (webtiles) character file.

79 pigpen the Sneak (level 4, -4/29 HPs)
             Began as a Halfling Assassin on Oct 2, 2015.
             Slain by an orc
             ... wielding a +0 hand axe
              (9 damage)
             ... on level 3 of the Dungeon.
             The game lasted 00:14:50 (2045 turns).

pigpen the Sneak (Halfling Assassin)                Turns: 2045, Time: 00:14:50

Health: -4/29      AC:  3    Str: 11    XL:     4   Next: 64%
Magic:  4/4        EV: 15    Int: 10    God:
Gold:   25         SH:  0    Dex: 16    Spells: 0 memorised, 3 levels left

rFire  . . .     SeeInvis .     a - +2 dagger
rCold  . . .     Clarity  .     c - +0 robe
rNeg   . . .     SustAb   .     (no shield)
rPois  .         Gourm    .     (no helmet)
rElec  .         Spirit   .     d - +0 cloak
rCorr  .         Warding  .     (no gloves)
rMut   .         Stasis   .     (no boots)
MR     .....                    (no amulet)
Stlth  ++++......               (no ring)
                                (no ring)

@: not resistant to hostile enchantments, stealthy
A: mutation resistance 1
a: no special abilities


You were on level 3 of the Dungeon.
You were not hungry.

You visited 1 branch of the dungeon, and saw 3 of its levels.

You collected 25 gold pieces.

Inventory:

Hand weapons
 a - a +2 dagger (weapon)
 b - a +0 blowgun
 l - a +0 dagger
 s - a +0 hunting sling
 x - a +0 short sword
Missiles
 e - 22 poisoned needles (quivered)
 f - 2 curare-tipped needles
 h - 7 bolts of frost
 o - 20 stones
 q - 18 bolts
 w - 16 sling bullets of flame
Armour
 c - a +0 robe (worn)
 d - a +0 cloak (worn)
 g - a +0 leather armour
 p - a +0 robe
 u - a +0 ring mail
Potions
 m - a potion of curing {unknown}
 n - a potion of haste {unknown}
 r - a potion of magic {unknown}
Comestibles
 i - a chunk of flesh


   Skills:
 - Level 1.7 Fighting
 * Level 3.6 Short Blades
 - Level 2.6 Throwing
 + Level 2.1 Dodging
 * Level 5.7 Stealth


You had 3 spell levels left.
You didn't know any spells.

Dungeon Overview and Level Annotations

Branches:
Dungeon (3/15)

Altars:
Fedhas
Sif Muna


Innate Abilities, Weirdness & Mutations

You are small and have problems with some larger weapons.
You are somewhat resistant to further mutation.


Message History

You hit the orc but do no damage.
The orc is lightly wounded.
The orc hits you with a hand axe.
You hit the orc but do no damage.
The orc is lightly wounded.
The orc hits you but does no damage.
You barely miss the orc.
The orc is lightly wounded.
You hit the orc.
The orc is severely wounded.
The orc hits you with a hand axe.
* * * LOW HITPOINT WARNING * * *
You see here a tomahawk.
Tossing away (i - inventory. (,) - cycle):
e - 23 poisoned needles (quivered)
Press: ? - help, Shift-Dir - straight line, f - orc
Aim: an orc, wielding a hand axe and wearing a leather armour (severely wounded)
You toss away a poisoned needle.
The poisoned needle hits the orc!
The orc is severely wounded.
The orc barely misses you. The orc hits you with a hand axe!
You die...

#...#..##....#
#...#........#
##..#..#.....#
#............#
..###..........########
......................#
#######.........#####.##
.........).............#
.....###).o@.#.#......##
...............)......#
................#.#..##
..<##......#####.#..# ..
#............#..#
##.#########.#..# #..
..#..# ### ########..#
..........#


You could see an orc.

Vanquished Creatures
  3 adders
  3 giant geckos (D:1)
  4 orcs (D:3)
  3 bats
  2 giant cockroaches (D:1)
  4 goblins
  7 hobgoblins
  4 jackals (D:1)
  7 giant newts (D:1)
  4 kobolds (D:1)
  3 rats
44 creatures vanquished.

Notes
Turn   | Place    | Note
--------------------------------------------------------------
     0 | D:1      | pigpen, the Halfling Assassin, began the quest for the Orb.
     0 | D:1      | Reached XP level 1. HP: 14/14 MP: 1/1
   210 | D:1      | Reached XP level 2. HP: 9/19 MP: 2/2
   418 | D:1      | Reached skill level 5 in Stealth
   743 | D:1      | Reached XP level 3. HP: 21/24 MP: 3/3
  1224 | D:2      | Reached XP level 4. HP: 9/29 MP: 4/4
  1565 | D:2      | Found a blossoming altar of Fedhas.
  1567 | D:2      | Found a deep blue altar of Sif Muna.
  2045 | D:3      | Slain by an orc

Action                   |  1- 3 |  4- 6 || total
-------------------------+-------+-------++-------
Melee: Dagger            |   134 |    62 ||   196
  Use: Scroll            |       |     3 ||     3
       Potion            |       |     1 ||     1
 Stab: Sleeping          |     2 |       ||     2
  Eat: Bread ration      |       |     1 ||     1
       Chunk             |       |     1 ||     1
